 Dungeon Crawl Stone Soup version 0.23.2-1-ga50397a (webtiles) character file.

Game seed: 2841355254253862911

25 Leeroy the Conjurer (level 2, 0/20 HPs)
             Began as a Draconian Conjurer on Apr 15, 2019.
             Slain by a centaur skeleton (5 damage)
             ... on level 2 of the Dungeon.
             The game lasted 00:03:13 (1156 turns).

Leeroy the Conjurer (Draconian Conjurer)            Turns: 1156, Time: 00:03:14

Health: 0/20       AC:  4    Str: 10    XL:     2   Next: 86%
Magic:  0/5        EV: 12    Int: 15    God:
Gold:   17         SH:  0    Dex: 11    Spells: 2/5 levels left

rFire    . . .     SeeInvis .   i - +0 short sword
rCold    . . .     Gourm    .   (no shield)
rNeg     . . .     Faith    .   (armour unavailable)
rPois    .         Spirit   .   (helmet restricted)
rElec    .         Reflect  .   (no cloak)
rCorr    .         Harm     .   (no gloves)
MR       .....                  (no boots)
Stlth    ++........             (no amulet)
HPRegen  0.06/turn              (no ring)
MPRegen  0.09/turn              (no ring)

@: very slightly contaminated
A: unfitting armour, cold-blooded, AC +4
a: no special abilities


You were on level 2 of the Dungeon.
You were not hungry.

You visited 1 branch of the dungeon, and saw 2 of its levels.

You collected 17 gold pieces.

Inventory:

Hand Weapons
 a - a +0 mace
 c - a +0 spear
 d - a +0 dagger
 i - a +0 short sword (weapon)
Missiles
 e - 31 stones (quivered)
Jewellery
 h - a +2 ring of protection {unknown}
 k - a cursed ring of attention {unknown}
 l - a +2 amulet of reflection {unknown}
Scrolls
 g - a scroll of teleportation {unknown}
 j - a scroll of identify {unknown}
Potions
 f - 3 potions of curing {unknown}
Comestibles
 b - 3 rations


   Skills:
 - Level 1.7 Dodging
 - Level 1.7 Stealth
 - Level 2.0 Spellcasting
 + Level 4.9 Conjurations


You had 2 spell levels left.
You knew the following spells:

 Your Spells              Type           Power        Failure   Level  Hunger
a - Magic Dart            Conj           ###.         3%          1    #......
b - Searing Ray           Conj           ###...       4%          2    ###....

Your spell library contained the following spells:

 Spells                   Type           Power        Failure   Level  Hunger
 Dazzling Spray           Conj/Hex       #.....       24%         3    ###....
 Iskenderun's Mystic Bla  Conj           ###.....     28%         4    #####..
 Force Lance              Conj/Tloc      #.......     63%         4    #####..
 Fulminant Prism          Conj/Hex       #.........   63%         4    #####..


Dungeon Overview and Level Annotations

Branches:
Dungeon (2/15)

Altars:


Innate Abilities, Weirdness & Mutations

Your plain brown scales are hard. (AC +4)
You cannot fit into any form of body armour.
You are cold-blooded and may be slowed by cold attacks.


Message History

The searing ray hits the quokka.
You kill the quokka! (Press . to maintain the ray.)
The searing ray hits the goblin.
You kill the goblin!
The searing ray hits the centaur skeleton!
The centaur skeleton is moderately damaged.
The rat bites you but does no damage. The centaur skeleton misses you.
Without enough magic to sustain it, your searing ray dissipates.
The centaur skeleton barely misses you. The rat bites you.
You hit the centaur skeleton but do no damage.
You tail-slap the centaur skeleton.
The centaur skeleton is heavily damaged.
The centaur skeleton hits you.
* * * LOW HITPOINT WARNING * * *
The rat bites you but does no damage.
You hit the centaur skeleton but do no damage.
The centaur skeleton is heavily damaged.
The centaur skeleton hits you.
You die...

..#. #.. #.. .. #..###.
##.#. .# . ... #. . #####
#r# .# .# #...÷ #@##.##.#
#.### #.Z.....# ###.###
###...### #...... #...#
##.#.#.† #...# ##..#....
# #...# #........
#.#####...#####..#.##.
.#.#................#.##.
....<....................


You could see a rat and a centaur skeleton.

Vanquished Creatures
  A dart slug (D:2)
  A worm (D:2)
  A leopard gecko (D:1)
  2 giant cockroaches
  3 goblins
  2 hobgoblins
  A quokka (D:2)
  2 bats (D:1)
  A frilled lizard (D:2)
  4 kobolds
  A rat (D:1)
19 creatures vanquished.

Notes
Turn   | Place    | Note
-------+----------+-------------------------------------------
     0 | D:1      | Leeroy the Draconian Conjurer began the quest for the Orb.
     0 | D:1      | Reached XP level 1. HP: 14/14 MP: 3/3
   426 | D:1      | Reached XP level 2. HP: 7/20 MP: 1/5
   430 | D:1      | Learned a level 2 spell: Searing Ray
  1156 | D:2      | Slain by a centaur skeleton

Action                   || total
-------------------------++-------
Melee: Spear             ||    29
       Short sword       ||    18
       Tailslap          ||     3
 Cast: Magic Dart        ||    17
       Searing Ray       ||     2
 Stab: Sleeping          ||     1
  Eat: Chunk             ||     1
Armor: Skin              ||     9
Dodge: Dodged            ||    27
